 Dungeon Crawl Stone Soup version 0.29.1-12-g30fa7ad0bf (webtiles) character file.

Game seed: 5527112544166977446

160214 LiliTe the Imperceptible (level 18, -2/165 HPs)
             Began as a Kobold Brigand on Dec 13, 2022.
             Was the Champion of Dithmenos.
             Constricted to death by a shambling mangrove (9 damage)
             ... on level 3 of the Swamp.
             The game lasted 03:56:57 (32561 turns).

LiliTe the Imperceptible (Kobold Brigand)          Turns: 32561, Time: 03:56:57

Health: -2/165     AC: 14    Str: 12    XL:     18   Next: 39%
Magic:  18/18      EV: 28    Int: 16    God:    Dithmenos [******]
Gold:   1844       SH:  0    Dex: 27    Spells: 17/17 levels left

rFire   + . .      SeeInvis .   u - +11 short sword of Wu Jian {flame, rF+ rN+ Int+4}
rCold   . . .      Faith    .   (no shield)
rNeg    + . .      Spirit   .   H - +2 troll leather armour
rPois   .          Reflect  .   L - +1 helmet
rElec   .          Harm     .   c - +0 cloak
rCorr   .          Rampage  +   (no gloves)
Will    +....                   i - +2 pair of boots {rampage}
Stlth   ..........              V - amulet of regeneration
HPRegen 1.97/turn               h - +6 ring of dexterity
MPRegen 0.16/turn               E - ring of flight

@: berserking, grasped by roots, flying, wreathed by umbra, constricted,
studying Armour, very quick
A: small, no large weapons, nightstalker 3
a: Renounce Religion, Shadow Step, Shadow Form


You were on level 3 of the Swamp.
You worshipped Dithmenos.
Dithmenos was exalted by your worship.
You visited 6 branches of the dungeon, and saw 27 of its levels.

You collected 2000 gold pieces.
You spent 156 gold pieces at shops.

Inventory:

Hand Weapons
 j - a +3 rapier of electrocution
 u - the +11 short sword of Wu Jian (weapon) {flame, rF+ rN+ Int+4}
   (You took it off an orc on level 3 of the Dungeon)

   It burns those it strikes, dealing additional fire damage.
   Int:       It affects your intelligence (+4).
   rF:        It protects you from fire.
   rN:        It protects you from negative energy.
Missiles
 a - 3 throwing nets
 e - a curare-tipped dart (quivered)
 v - 10 poisoned darts
 K - 9 atropa-tipped darts
Armour
 c - a +0 cloak (worn)
 i - a +2 pair of boots of rampaging (worn)
 p - an orb of wrath
 B - a scarf of invisibility
 H - a +2 troll leather armour (worn)
 J - a scarf of repulsion
 L - a +1 helmet (worn)
 N - +0 steam dragon scales
 O - +0 ice dragon scales
 S - a +3 plate armour of fire resistance
 W - +0 swamp dragon scales
Jewellery
 h - a +6 ring of dexterity (left hand)
 k - a ring of resist corrosion
 E - a ring of flight (right hand)
 P - a +6 ring of dexterity
 Q - a +4 ring of protection
 U - an amulet of the acrobat
 V - an amulet of regeneration (around neck)
 Y - a ring of ice
Wands
 d - a wand of mindburst (8)
 C - a wand of charming (31)
 D - a wand of polymorph (18)
 F - a wand of roots (23)
 I - a wand of light (17)
 R - a wand of digging (3)
Scrolls
 l - 4 scrolls of fear
 m - a scroll of enchant weapon
 o - 12 scrolls of identify
 q - a scroll of blinking
 r - 2 scrolls of silence
 t - 9 scrolls of fog
 z - a scroll of enchant armour
 A - a scroll of magic mapping
 M - 6 scrolls of teleportation
Potions
 b - a potion of berserk rage
 f - 5 potions of might
 n - 12 potions of curing
 s - 3 potions of haste
 w - a potion of ambrosia
 x - 3 potions of mutation
 y - a potion of brilliance
 G - 2 potions of heal wounds
 X - 2 potions of flight
Miscellaneous
 g - a lightning rod (4/4)
 Z - a tin of tremorstones (2/2)


   Skills:
 + Level 11.0 Fighting
 * Level 18.9 Short Blades
 - Level 4.2 Throwing
 + Level 6.8 Armour
 * Level 15.9 Dodging
 + Level 26.8 Stealth
 + Level 0.9 Invocations
 * Level 10.4 Evocations


You had 17 spell levels left.
You didn't know any spells.
Your spell library contained the following spells:

 Spells                   Type           Power      Damage    Failure   Level
 Apportation              Tloc           0%         N/A       30%         1
 Beastly Appendage        Tmut           0%         N/A       30%         1
 Freeze                   Ice            0%         1d3       30%         1
 Necrotise                Necr           0%         1d4       30%         1
 Sandblast                Erth           0%         2d4       30%         1
 Shock                    Conj/Air       0%         1d3       30%         1
 Summon Small Mammal      Summ           0%         N/A       30%         1
 Ensorcelled Hibernation  Hex/Ice        0%         N/A       43%         2
 Passwall                 Tmut/Erth      0%         N/A       43%         2
 Sublimation of Blood     Necr           0%         N/A       43%         2
 Wereblood                Tmut           0%         N/A       43%         2
 Call Canine Familiar     Summ           0%         N/A       67%         3
 Conjure Flame            Conj/Fire      0%         6-21      67%         3
 Frozen Ramparts          Ice            0%         1d1       67%         3
 Portal Projectile        Hex/Tloc       0%         N/A       67%         3
 Spider Form              Tmut/Pois      0%         N/A       67%         3
 Stone Arrow              Conj/Erth      0%         3d7       67%         3
 Summon Guardian Golem    Hex/Summ       0%         N/A       67%         3
 Swiftness                Air            0%         N/A       67%         3
 Vampiric Draining        Necr           0%         2d6       67%         3
 Airstrike                Air            0%         2d(0-16)  97%         4
 Anguish                  Hex/Necr       0%         N/A       97%         4
 Animate Dead             Necr           0%         N/A       97%         4
 Dispel Undead            Necr           0%         3d6       97%         4
 Hailstorm                Conj/Ice       0%         3d3       97%         4
 Leda's Liquefaction      Hex/Erth       0%         N/A       97%         4
 Summon Lightning Spire   Summ/Air       0%         N/A       97%         4
 Agony                    Necr           0%         N/A       100%        5
 Alistair's Intoxication  Tmut/Pois      0%         N/A       100%        5
 Blade Hands              Tmut           0%         N/A       100%        5
 Borgnjor's Vile Clutch   Necr/Erth      0%         N/A       100%        5
 Irradiate                Conj/Tmut      0%         3d11      100%        5
 Lightning Bolt           Conj/Air       0%         1d11      100%        5
 Silence                  Hex/Air        0%         N/A       100%        5
 Conjure Ball Lightning   Conj/Air       0%         3x3d6     100%        6
 Death Channel            Necr           0%         N/A       100%        6
 Eringya's Noxious Bog    Tmut/Pois      0%         N/A       100%        6
 Dragon Form              Tmut           0%         N/A       100%        7
 Haunt                    Necr/Summ      0%         N/A       100%        7
 Storm Form               Tmut/Air       0%         N/A       100%        7
 Borgnjor's Revivificati  Necr           0%         N/A       100%        8
 Infestation              Necr           0%         N/A       100%        8
 Necromutation            Tmut/Necr      0%         N/A       100%        8
 Death's Door             Necr           0%         N/A       100%        9


Dungeon Overview and Level Annotations

Branches:
Dungeon (15/15)            Temple (1/1) D:5            Lair (5/5) D:9
  Swamp (4/4) Lair:2        Snake (1/4) Lair:2        Slime (0/5) Lair:5
    Orc (1/2) D:9          Vaults (0/5) D:14         Depths (0/4) D:15

Altars:
Ashenzari
Cheibriados
Dithmenos
Elyvilon
Fedhas
Gozag
Hepliaklqana
Kikubaaqudgha
Makhleb
Nemelex Xobeh
Okawaru
Qazlal
Ru
Sif Muna
Trog
Uskayaw
Vehumet
Wu Jian
Xom
Yredelemnul
Zin
The Shining One

Shops:
D:10 *   D:15 [

Portals:
Trove: D:10 (give 2 scrolls of acquirement)

Annotations:
D:14 3 runed translucent doors, t4s4d4r's ghost, journeyman DgEE


Innate Abilities, Weirdness & Mutations

You are small and have problems with some larger weapons.
You are completely attuned to the shadows.


Message History

Roots burst forth from the earth!
The grasping roots grab you! The grasping roots constrict you!
You escape the roots grasp.
Roots burst forth from the earth!
The grasping roots grab you! The grasping roots constrict you.
The roots grasp on you weakens, but your attempt to escape fails.
The grasping roots constrict you!!
* * * LOW HITPOINT WARNING * * *
You hit the shambling mangrove but do no damage.
Your shadow hits the shambling mangrove but does no damage.
You feel much better.
The shambling mangrove completely misses you.
The grasping roots constrict you.
A red film seems to cover your vision as you go berserk!
You feel yourself moving faster!
You feel mighty! The shambling mangrove hits you!!
The grasping roots constrict you!
* * * LOW HITPOINT WARNING * * *
You impale the shambling mangrove!! You burn the shambling mangrove!
The shambling mangrove is moderately damaged.
Your shadow hits the shambling mangrove but does no damage.
You puncture the shambling mangrove! You burn the shambling mangrove.
The shambling mangrove is moderately damaged.
Your shadow hits the shambling mangrove but does no damage.
The spriggan rider hits you from afar with a +0 spear!!
* * * LOW HITPOINT WARNING * * *
The grasping roots release their grip on you.
You hit the shambling mangrove. You burn the shambling mangrove.
The shambling mangrove is heavily damaged.
Your shadow hits the shambling mangrove but does no damage.
The shambling mangrove hits you!!
* * * LOW HITPOINT WARNING * * *
You emit a cloud of dark smoke.
You are too berserk!
You are too berserk!
You feel a strong urge to attack something.
Roots burst forth from the earth!
The grasping roots grab you! The grasping roots constrict you!
You die...

..?~.♣♣♣
~~~....♣
~~~.~~~~
.~(.)~~~
~..~.~~.
..<.~~~~
.......~
~~~.~~i.
.§§§<♣♣
~~§.....
♣♣if§§♣
~~.♣§..i
♣§§§§§♣
~.~♣♣.~
♣♣♣§@§♣
♣♣♣♣♣


You could see a shambling mangrove and a spriggan rider.

Vanquished Creatures
  Nikola (Swamp:1)
  Mlioglotl (Swamp:2)
  Frances (D:14)
  Kirke (Swamp:2)
  Donald (Swamp:4)
  A juggernaut zombie (Swamp:2)
  Aizul (Swamp:1)
  A very ugly thing (D:15)
  2 eleionomae
  4 bunyips
  Snorg (D:11)
  A shambling mangrove (Swamp:4)
  An ice dragon (Lair:5)
  4 boulder beetles
  A rakshasa (D:15)
  22 hydras
  3 vault guards (D:14)
  2 spriggan air magi (Swamp:4)
  2 ogre magi (D:15)
  6 centaur warriors
  4 ghost crabs
  2 catoblepae (D:13)
  14 two-headed ogres
  9 alligators
  8 death yaks
  3 death knights
  A spriggan berserker (Swamp:4)
  8 spriggans
  A shock serpent (Snake:1)
  Sonja (Orc:1)
  A sixfirhy (D:7)
  4 skeletal warriors
  A bunyip zombie (Swamp:2)
  7 goliath frogs
  3 spriggan druids
  6 swamp dragons
  6 bog bodies
  2 lindwurms
  An orc knight (D:11)
  2 phantasmal warriors (D:15)
  A deep elf pyromancer (D:15)
  4 necromancers
  3 wizards
  3 bunyip skeletons (Swamp:2)
  2 oklob plants (Lair:5)
  A stone giant zombie (D:15)
  A wolf spider (Lair:5)
  A tengu skeleton (D:15)
  3 will-o-the-wisps
  10 ugly things
  5 cyclopes
  5 manticores
  A frost giant skeleton (D:15)
  11 black mambas
  2 gargoyles (D:12)
  7 torpor snails
  A guardian serpent (Lair:5)
  21 cane toads
  A cane toad (shapeshifter) (D:15)
  5 freezing wraiths
  A yaktaur (shapeshifter) (D:15)
  8 komodo dragons
  An efreet (D:10)
  3 tengu conjurers
  2 rime drakes
  7 trolls
  2 bloated husks (Swamp:1)
  6 meliai (D:13)
  A polar bear (Lair:5)
  10 tyrant leeches
  10 slime creatures
  14 blink frogs
  18 hornets
  5 dream sheep (Lair:3)
  A spriggan skeleton (D:15)
  3 wraiths
  A yak (shapeshifter) (D:13)
  A vampire (D:12)
  13 wyverns
  4 basilisks
  50 yaks
  18 humans (D:14)
  2 redbacks (Lair:5)
  16 vampire mosquitoes
  A steam dragon (Lair:1)
  4 wargs (D:9)
  10 swamp worms
  30 water moccasins
  An acid dragon (D:11)
  3 nagas (Lair:2)
  5 swamp drakes
  Duvessa (D:6)
  7 orc warriors
  A sky beast (D:6)
  A black bear (D:6)
  4 ice beasts
  13 wolves
  5 ogres
  16 centaurs
  2 swamp dragon skeletons (Swamp:2)
  A phantom (D:5)
  4 kobold brigands
  Blork the orc (D:6)
  4 gnoll sergeants
  8 bullfrogs
  A necrophage (D:4)
  2 scorpions (D:7)
  4 wights
  Dowan (D:6)
  14 killer bees
  An electric eel (D:13)
  10 howler monkeys
  4 vampire bats (Lair:4)
  5 hounds
  2 jellies
  2 gnoll boudas
  9 orc priests
  3 iguanas
  8 orc wizards
  21 gnolls
  7 adders
  2 shadow imps
  2 ufetubi
  2 worms
  2 dart slugs
  45 orcs
  4 ball pythons
  4 endoplasms
  3 giant cockroaches
  6 goblins
  8 hobgoblins
  6 jackals
  28 kobolds
  3 quokkas
  15 bats
  5 frilled lizards
  3 rats (D:1)
  A spectral orc (D:14)
781 creatures vanquished.

Vanquished Creatures (others)
  A bog body (Swamp:1)
  5 humans (Swamp:2)
  35 fungi
  66 plants
107 creatures vanquished.

Grand Total: 888 creatures vanquished

Notes
Turn   | Place    | Note
-------+----------+-------------------------------------------
     0 | D:1      | LiliTe the Kobold Brigand began the quest for the Orb.
     0 | D:1      | Reached XP level 1. HP: 12/12 MP: 1/1
   233 | D:1      | Reached XP level 2. HP: 1/17 MP: 2/2
   987 | D:1      | Reached skill level 6 in Stealth
  1043 | D:1      | Reached XP level 3. HP: 21/21 MP: 3/3
  2108 | D:2      | Reached XP level 4. HP: 27/27 MP: 4/4
  3628 | D:3      | Identified the +11 short sword of Wu Jian {flame, rF+ rN+
                  | Int+4}
  4293 | D:3      | Reached skill level 7 in Stealth
  4298 | D:3      | Reached XP level 5. HP: 24/31 MP: 5/5
  4631 | D:4      | Noticed an ogre
  5056 | D:4      | Killed an ogre
  5057 | D:4      | Reached XP level 6. HP: 33/36 MP: 6/6
  5278 | D:4      | Reached skill level 8 in Stealth
  5377 | D:4      | Reached XP level 7. HP: 35/40 MP: 7/7
  5403 | D:4      | Reached skill level 5 in Short Blades
  5588 | D:5      | Entered Level 5 of the Dungeon
  5600 | D:5      | Reached skill level 1 in Armour
  5718 | D:5      | Noticed a yak
  5718 | D:5      | Noticed a yak
  5719 | D:5      | Noticed a yak
  5719 | D:5      | Noticed a yak
  5719 | D:5      | Noticed a yak
  5719 | D:5      | Noticed a yak
  5726 | D:5      | Killed a yak
  5731 | D:5      | Killed a yak
  5732 | D:5      | Reached skill level 9 in Stealth
  5732 | D:5      | Reached XP level 8. HP: 38/46 MP: 8/8
  5742 | D:5      | Killed a yak
  6072 | D:5      | Found a staircase to the Ecumenical Temple.
  6078 | Temple   | Entered the Ecumenical Temple
  6182 | Temple   | Became a worshipper of Dithmenos the Shadowed
  6652 | D:5      | Killed a yak
  6656 | D:5      | Killed a yak
  6662 | D:5      | Killed a yak
  6663 | D:5      | Reached XP level 9. HP: 44/52 MP: 9/9
  6735 | D:5      | Reached skill level 5 in Dodging
  6739 | D:5      | Reached skill level 10 in Stealth
  7029 | D:6      | Noticed Blork the orc
  7033 | D:6      | Killed Blork the orc
  7611 | D:6      | Reached * piety under Dithmenos
  7628 | D:6      | Noticed Duvessa
  7630 | D:6      | Noticed Dowan
  7631 | D:6      | Killed Duvessa
  7696 | D:6      | Found a shimmering blue altar of Sif Muna.
  8025 | D:6      | Reached skill level 10 in Short Blades
  8127 | D:6      | Killed Dowan
  8741 | D:7      | Reached XP level 10. HP: 58/58 MP: 10/10
  8942 | D:7      | Reached skill level 11 in Stealth
  9156 | D:7      | Noticed a sixfirhy
  9158 | D:7      | Found a runed translucent door.
  9520 | D:7      | Reached ** piety under Dithmenos
 10119 | D:6      | Found a hide-covered altar of Uskayaw.
 10119 | D:6      | Found a snail-covered altar of Cheibriados.
 10122 | D:6      | Found a shimmering altar of Xom.
 10122 | D:6      | Found a stormy altar of Qazlal.
 11239 | D:9      | Found a glowing golden altar of the Shining One.
 11240 | D:9      | Found a broken altar of Ashenzari.
 11241 | D:9      | Found an iron altar of Okawaru.
 11581 | D:9      | Reached skill level 5 in Fighting
 11583 | D:9      | Reached skill level 12 in Stealth
 11650 | D:9      | Reached *** piety under Dithmenos
 11900 | D:9      | Reached XP level 11. HP: 35/64 MP: 11/11
 11955 | D:9      | Found a staircase to the Lair.
 12212 | D:9      | Found a staircase to the Orcish Mines.
 12679 | D:10     | Entered Level 10 of the Dungeon
 12687 | D:10     | Identified the ring "Zim Qaab" {Wiz Str-2 Int+5}
 12819 | D:10     | Found an ancient bone altar of Kikubaaqudgha.
 12878 | D:10     | Found Kemykk's General Store.
 12915 | D:10     | Noticed Snorg
 12964 | D:11     | Noticed a two-headed ogre
 12966 | D:11     | Killed a two-headed ogre
 12967 | D:11     | Reached skill level 5 in Armour
 13243 | D:12     | Reached skill level 13 in Stealth
 13295 | D:12     | Noticed a white ugly thing
 13350 | D:12     | Noticed a boulder beetle
 13597 | D:11     | Noticed an orc knight
 13634 | D:11     | Noticed a four-headed hydra
 13749 | D:11     | Killed Snorg
 13794 | D:10     | Bought an orb of wrath for 156 gold pieces
 13829 | D:10     | Found a portal to a secret trove of treasure.
 13939 | D:10     | Noticed a cyclops
 14362 | D:10     | Noticed a two-headed ogre
 14415 | D:10     | Noticed a cyclops
 14415 | D:10     | Noticed a boulder beetle
 14607 | D:10     | Killed a cyclops
 14705 | D:10     | Noticed a white ugly thing
 14708 | D:10     | Reached XP level 12. HP: 71/71 MP: 12/12
 14708 | D:10     | Killed a two-headed ogre
 14708 | D:10     | Reached **** piety under Dithmenos
 14709 | D:10     | Reached skill level 14 in Stealth
 14778 | Lair:1   | Entered Level 1 of the Lair of Beasts
 14864 | Lair:1   | Noticed a death yak
 14964 | Lair:1   | Noticed a five-headed hydra
 14983 | Lair:1   | Noticed a death yak
 14990 | Lair:1   | Noticed a death yak
 15489 | Orc:1    | Entered Level 1 of the Orcish Mines
 15489 | Orc:1    | Noticed Sonja
 15490 | Orc:1    | Killed Sonja
 15743 | D:11     | Reached skill level 15 in Stealth
 16033 | D:11     | Killed a four-headed hydra
 16060 | D:11     | Noticed a two-headed ogre
 16064 | D:11     | Killed a two-headed ogre
 16513 | D:11     | Noticed a two-headed ogre
 16520 | D:11     | Killed a two-headed ogre
 16598 | D:11     | Noticed a four-headed hydra
 16892 | D:11     | Killed a four-headed hydra
 16893 | D:11     | Reached skill level 10 in Dodging
 16893 | D:11     | Reached skill level 16 in Stealth
 17008 | D:12     | Noticed a two-headed ogre
 17011 | D:12     | Killed a two-headed ogre
 17012 | D:12     | Reached XP level 13. HP: 76/76 MP: 13/13
 17247 | D:12     | Noticed a seven-headed hydra
 17250 | D:12     | Killed a seven-headed hydra
 17251 | D:12     | Reached skill level 15 in Short Blades
 17251 | D:12     | Reached skill level 17 in Stealth
 17612 | D:12     | Killed a boulder beetle
 18641 | D:10     | Noticed a boulder beetle
 18641 | D:10     | Noticed a centaur warrior
 18642 | D:10     | Noticed a centaur warrior
 18673 | D:10     | Identified the +8 flail "Dinewn" {pain, Will- Int+2 SInv}
 18680 | D:10     | Killed a centaur warrior
 18681 | D:10     | Reached skill level 18 in Stealth
 18705 | D:10     | Killed a centaur warrior
 18757 | D:10     | Noticed a boulder beetle
 18773 | D:10     | Killed a boulder beetle
 18833 | D:10     | Killed a boulder beetle
 18848 | D:10     | Killed a boulder beetle
 18913 | D:10     | Got the Volume of the Birds and Damage Dealing
 19621 | Lair:1   | Killed a five-headed hydra
 19622 | Lair:1   | Reached skill level 19 in Stealth
 19776 | Lair:1   | Noticed a six-headed hydra
 19780 | Lair:1   | Killed a six-headed hydra
 19865 | Lair:1   | Reached XP level 14. HP: 84/84 MP: 14/14
 20071 | Lair:2   | Found a staircase to the Swamp.
 20526 | Lair:2   | Found a staircase to the Snake Pit.
 20531 | Lair:2   | Reached ***** piety under Dithmenos
 20768 | Snake:1  | Entered Level 1 of the Snake Pit
 20793 | Swamp:1  | Entered Level 1 of the Swamp
 20806 | Swamp:1  | Reached skill level 20 in Stealth
 20818 | Swamp:1  | Reached skill level 1 in Evocations
 21116 | Swamp:1  | Noticed a bunyip
 21122 | Swamp:1  | Noticed a bunyip
 21135 | Swamp:1  | Killed a bunyip
 21173 | Swamp:1  | Killed a bunyip
 21210 | Swamp:1  | Noticed an eleionoma
 21215 | Swamp:1  | Killed an eleionoma
 21217 | Swamp:1  | Reached skill level 21 in Stealth
 21273 | Swamp:1  | Noticed Aizul
 21276 | Swamp:1  | Killed Aizul
 21323 | Swamp:1  | Noticed Nikola
 21325 | Swamp:1  | Killed Nikola
 21530 | Swamp:2  | Reached XP level 15. HP: 70/89 MP: 15/15
 21616 | Swamp:2  | Noticed Kirke
 21619 | Swamp:2  | Killed Kirke
 21728 | Swamp:3  | Found a glowing golden altar of the Shining One.
 21798 | Swamp:3  | Noticed Mlioglotl
 21815 | Swamp:2  | HP: 3/89 [juggernaut zombie (58)]
 21883 | Swamp:2  | Reached skill level 22 in Stealth
 22061 | Swamp:2  | Found an ancient bone altar of Kikubaaqudgha.
 22070 | Swamp:2  | Got Ypsyun's Tome of Necromancy
 22424 | Swamp:2  | Noticed a tentacled monstrosity
 22528 | Swamp:2  | Reached skill level 5 in Evocations
 23175 | Lair:3   | Got Sif Muna's Octavo of Fog
 23747 | Lair:4   | Reached skill level 23 in Stealth
 24162 | Lair:4   | Reached XP level 16. HP: 96/96 MP: 16/16
 24671 | Lair:4   | Reached ****** piety under Dithmenos
 24716 | Lair:5   | Entered Level 5 of the Lair of Beasts
 24871 | Lair:5   | Found a runed translucent door.
 25401 | Lair:5   | Found a staircase to the Slime Pits.
 25802 | Lair:5   | Reached skill level 10 in Fighting
 26118 | Lair:5   | Identified the +1 leather armour "Ruvvodgh" {+Blink MP+9
                  | Int+3}
 26369 | Lair:5   | Reached skill level 24 in Stealth
 27800 | D:13     | Found a white marble altar of Elyvilon.
 28927 | D:14     | Found a sacrificial altar of Ru.
 29055 | D:14     | Reached XP level 17. HP: 102/102 MP: 17/17
 29090 | D:14     | Found a runed translucent gate.
 29160 | D:14     | Noticed Frances
 29162 | D:14     | Killed Frances
 29220 | D:14     | Found a basalt altar of Yredelemnul.
 29254 | D:14     | Found a runed translucent gate.
 29260 | D:14     | Found a runed translucent gate.
 29508 | D:14     | Found a gate to the Vaults.
 29539 | D:14     | Reached skill level 25 in Stealth
 29620 | D:14     | Identified the +5 mace "Biwegid" {flame, Contam Str+3
                  | Int+4}
 29923 | D:14     | Noticed t4s4d4r's ghost (journeyman DgEE)
 30045 | D:15     | Entered Level 15 of the Dungeon
 30102 | D:15     | Reached skill level 15 in Dodging
 30111 | D:15     | Found a staircase to the Depths.
 30648 | D:15     | Identified the +4 long sword "Thing" {freeze, Fragile rC+
                  | rN+}
 30801 | D:15     | Found Tusuli's Armour Shop.
 31820 | Swamp:2  | Killed Mlioglotl
 31989 | Swamp:3  | Reached skill level 26 in Stealth
 32140 | Swamp:4  | Entered Level 4 of the Swamp
 32202 | Swamp:4  | Reached skill level 10 in Evocations
 32205 | Swamp:4  | Reached XP level 18. HP: 110/110 MP: 18/18
 32351 | Swamp:4  | Identified the +6 dire flail of the Hundredfold Lives
                  | {vamp, rF++ Int+3 Dex-4}
 32360 | Swamp:4  | Noticed Donald
 32366 | Swamp:4  | Killed Donald
 32559 | Swamp:3  | HP: 4/165 [shambling mangrove (27)]
 32561 | Swamp:3  | Constricted to death by a shambling mangrove

Illustrated notes

Levels and vault maps discovered:
D:1:      spicycebolla_arrival_risky_transporter, layout_loops_ring
D:2:      layout_basic, serial_co_window_serial, co_window_paths_a,
          co_window_of_opportunity_a, co_window_paths_a, co_window_corner_a,
          co_window_paths_b, co_window_unsneaky_path_b, co_window_corner_ca,
          co_window_2corner, co_window_sun, glass_columns_a, glass_columns_b,
          glass_columns_c, moated_statue
D:3:      layout_loops_ring
D:4:      layout_basic
D:5:      layout_basic, temple_green
D:6:      layout_basic, nicolae_overflow_hidden_temple, uniq_duvessa,
          uniq_blork_the_orc
D:7:      cheibrodos_shockbox, layout_basic
D:8:      layout_rooms, minmay_misc_feat_room, grunt_ministairs_4,
          minmay_hedge_maze, solitary_fountain, st_stairs_14
D:9:      layout_loops_ring, chequers_temple_overflow_statue_of_worship,
          erik_lair_orcish_takeover, david_orc_1_choice
D:10:     minmay_the_grid_octo_triangle [minmay_the_grid_octo_fan_narrow,
          minmay_the_grid_octo_prize_square_snowflake,
          minmay_the_grid_octo_vomiting_pacman], layout_small_grid,
          serial_shops, shop, nicolae_trove_entry_isolated,
          minmay_misc_feat_enclosed, uniq_snorg
D:11:     layout_stronghold, serial_column_ruins, column_ruins_corridor_water,
          column_ruins_columns_dead_end, column_ruins_open_small,
          column_ruins_grid_1, column_ruins_columns_dead_end,
          minmay_misc_feat_more_columns, minmay_radiant
D:12:     layout_layer_cave, nicolae_kite_square_tiling_tiny,
          minmay_misc_feat_pillars
D:13:     layout_basic, nicolae_elyvilon_temple_path
D:14:     layout_basic, grunt_vaults_entry_tiered, gammafunk_ghost_split,
          nicolae_ru_sacrificial_ziggurat, yredelemnul_forgotten_temple_becter,
          uniq_frances
D:15:     gammafunk_depths_entry_grave, layout_grid_maze, serial_shops,
          nicolae_shop_advertising_works [nicolae_subvault_shop_adworks]
Temple:   jpeg_temple_clearing
Lair:1:   layout_chaotic_city, minmay_stone_trees_small, grunt_megastairs_1
Lair:2:   layout_cave_shapes, skrybe_swamp_entry_bodies,
          minmay_snake_entry_guardpost_small, fungi_pond_lemuel,
          beast_lair_carwin_10
Lair:3:   layout_loops_ring, grunt_megastairs_3
Lair:4:   layout_regular_city, chequers_serial_rivers_micro_a, roderic_batcave,
          serial_bayou_shore_a
Lair:5:   hangedman_lair_tendril_chambers, layout_cave_pods, wormcave,
          minmay_slime_entry_oklob_open, chequers_serial_rivers_small_a,
          serial_bayou_pond_e
Swamp:1:  layout_falls_marsh, nicolae_swamp_tree_isthmus, uniq_aizul,
          uniq_nikola
Swamp:2:  cheibrodos_swamp_monstrosity, layout_basic_swamp,
          nicolae_swamp_treefoil, swamp_pool1, beargit_kiku_chapel, uniq_kirke
Swamp:3:  layout_basic_swamp, lemuel_altar_in_water2, swamp_pool1,
          uniq_mlioglotl
Swamp:4:  swamp_basic_johnstein, layout_basic_swamp, uniq_donald
Snake:1:  gammafunk_sealed_arena, layout_layer_cave
Orc:1:    layout_diamond_mine, uniq_sonja

Skill      XL: |  1  2  3  4  5  6  7  8  9 10 11 12 13 14 15 16 17 |
---------------+----------------------------------------------------+-----
Stealth        | 6 7 8 9 10 12 13 16 19 21 23 24 26 | 26.8
Short Blades   | 3 4 6 8 10 12 14 15 16 17 18 | 18.9
Throwing       | 3 4 |  4.2
Dodging        | 2 3 4 6 7 8 10 11 12 13 14 15 | 15.9
Armour         | 1 2 3 4 5 6 |  6.8
Fighting       | 3 4 5 6 7 8 9 10 11 | 11.0
Evocations     | 3 6 8 10 | 10.4
Invocations    | |  0.9

Action                   |  1- 3 |  4- 6 |  7- 9 | 10-12 | 13-15 | 16-18 || total
-------------------------+-------+-------+-------+-------+-------+-------++-------
Melee: Dagger            |    89 |    21 |       |       |       |       ||   110
       Punch             |     1 |       |     3 |     8 |     7 |    10 ||    29
       Short sword       |     8 |    74 |   145 |   483 |   510 |   810 ||  2030
Throw: Dart              |    17 |     5 |     8 |     3 |     6 |     1 ||    40
       Stone             |     7 |       |       |       |       |       ||     7
       Throwing net      |       |       |       |       |     1 |       ||     1
Invok: Shadow Step       |       |       |       |       |     3 |       ||     3
Evoke: Wand              |       |       |       |       |     1 |     3 ||     4
       Lightning rod     |       |       |       |       |     1 |     1 ||     2
       Tin of tremorston |       |       |       |       |       |     1 ||     1
  Use: Scroll            |     2 |     1 |     3 |     5 |    12 |    10 ||    33
       Potion            |       |       |     1 |    10 |     3 |     3 ||    17
 Stab: Sleeping          |     8 |    14 |    13 |    56 |   116 |   137 ||   344
       Distracted        |       |     2 |       |     2 |     9 |    25 ||    38
       Held in net/web   |       |       |       |       |     1 |       ||     1
Armor: Robe              |    26 |     4 |       |       |       |       ||    30
       Scale mail        |       |     4 |       |       |       |       ||     4
       Leather armour    |       |     4 |       |       |       |       ||     4
       Ring mail         |       |     1 |    19 |    26 |       |       ||    46
       Troll leather arm |       |       |       |    29 |    27 |    75 ||   131
Dodge: Dodged            |    76 |    45 |    80 |   317 |   273 |   752 ||  1543
       Repelled          |       |       |       |       |     2 |       ||     2
